 Dungeon Crawl Stone Soup version 0.30-a0-347-gf58ed5266c (webtiles) character file.

Game seed: 12241539903460861350

21 themarg the Covered (level 2, -3/27 HPs)
             Began as an Armataur Fighter on Nov 6, 2022.
             Slain by a goblin
             ... wielding a +2 dagger of electrocution
              (10 damage)
             ... on level 1 of the Dungeon.
             The game lasted 00:02:25 (723 turns).

themarg the Covered (Armataur Fighter)               Turns: 723, Time: 00:02:26

Health: -3/27      AC:  8    Str: 21    XL:     2   Next: 62%
Magic:  2/2        EV:  7    Int:  8    God:
Gold:   35         SH:  4    Dex:  9    Spells: 1/1 levels left

rFire   . . .      SeeInvis .    a - +0 flail
rCold   . . .      Faith    .    c - +0 buckler
rNeg    . . .      Spirit   .    b - +0 scale mail
rPois   +          Reflect  .    (no helmet)
rElec   .          Harm     .    f - +0 cloak
rCorr   .          Roll     +    (no gloves)
Will    .....                    (no barding)
Stlth   ..........               (no amulet)
HPRegen 0.24/turn                g - ring of flight
MPRegen 0.08/turn                l - ring of poison resistance

@: flying
A: large, rugged brown scales 3, deformed body, armoured tail, roll, long
tongue, awkward tongue
a: no special abilities


You were on level 1 of the Dungeon.
You visited 1 branch of the dungeon, and saw 1 of its levels.

You collected 35 gold pieces.

Inventory:

Hand Weapons
 a - a +0 flail (weapon)
Missiles
 e - 10 stones (quivered)
Armour
 b - a +0 scale mail (worn)
 c - a +0 buckler (worn)
 f - a +0 cloak (worn)
Jewellery
 g - a ring of flight (left hand)
 l - a ring of poison resistance (right hand)
Scrolls
 k - a scroll of torment {unknown}
Potions
 d - a potion of might
 h - 2 potions of haste {unknown}
 i - a potion of heal wounds {unknown}
 j - a potion of berserk rage {unknown}


   Skills:
 + Level 3.2 Fighting
 - Level 1.7 Maces & Flails
 - Level 3.6 Armour
 + Level 1.9 Stealth
 - Level 3.2 Shields


You had one spell level left.
You didn't know any spells.
Your spell library was empty.

Dungeon Overview and Level Annotations

Branches:
Dungeon (1/15)

Altars:


Innate Abilities, Weirdness & Mutations

You are completely covered in rugged brown scales. (AC +3, +7% HP)
Armour fits poorly on your strangely shaped body.
You have a long armoured tail.
You roll when moving toward enemies. (Rampage)
Your long tongue fully drains potion bottles. (2x potion effects)
Your tongue gives you trouble enunciating. (1.5x scroll delay)


Message History

You hit the quokka. You tail-slap the quokka.
You kill the quokka!
An endoplasm comes into view.
The endoplasm quivers.
You roll towards the endoplasm!
You hit the endoplasm.
The endoplasm is lightly wounded.
The endoplasm hits you but does no damage.
You sock the endoplasm!
You kill the endoplasm!
A bat comes into view.
You block the bat's attack.
You hit the bat.
You kill the bat!
Found a faded altar of an unknown god.
A bat comes into view.
You block the bat's attack.
You completely miss the bat. The bat hits you but does no damage.
You roll towards the bat!
You barely miss the bat. You tail-slap the bat.
You kill the bat!
There is a faded altar of an unknown god here.
This altar belongs to (a) Dithmenos, (b) Makhleb or (c) Nemelex Xobeh, but you can't tell which.
Press the corresponding letter to learn more about a god, or press enter to convert or escape to cancel.
Okay, then.
An endoplasm and a goblin come into view.
The goblin is wielding a +2 dagger of electrocution.
The endoplasm quivers.
The endoplasm jiggles.
You roll towards the goblin!
You miss the goblin. The goblin hits you but does no damage.
The goblin closely misses you.
You hit the goblin.
The goblin is heavily wounded.
The goblin hits you but does no damage.
You are electrocuted!!
Ouch! That really hurt!
* * * LOW HITPOINT WARNING * * *
You barely miss the goblin.
The goblin is heavily wounded.
The goblin hits you but does no damage.
You hit the goblin but do no damage.
The goblin is heavily wounded.
The goblin hits you but does no damage. x2; You are electrocuted!
You die...

.. ♣.♣ #.#..... J♣. ♣.♣
#.##.... .♣.♣ ♣♣.♣
#.##....
g♣..♣♣..♣###.##.#.#
##.♣ ♣.♣.♣.....##.#..
#..# ♣...♣.♣♣..##.#..
#.♣♣♣♣.⌠.♣♣♣.♣.##....
#♣Jg♣♣...♣...♣.......
♣♣♣@.......♣♣##..#..
♣♣.8_8..♣♣.##.....
♣♣♣♣♣♣♣♣...#..#..
#......#..#..
#..........[# #####
#.#.......#.. #...#
##.#.##...####
#...######.............
#................#..#..


You could see an endoplasm and a goblin.

Vanquished Creatures
  A dart slug (D:1)
  2 ball pythons (D:1)
  3 bats (D:1)
  2 endoplasms (D:1)
  A giant cockroach (D:1)
  2 goblins (D:1)
  A hobgoblin (D:1)
  A quokka (D:1)
  A frilled lizard (D:1)
  A kobold (D:1)
  3 rats (D:1)
18 creatures vanquished.

Notes
Turn   | Place    | Note
-------+----------+-------------------------------------------
     0 | D:1      | themarg the Armataur Fighter began the quest for the Orb.
     0 | D:1      | Reached XP level 1. HP: 19/19 MP: 1/1
   387 | D:1      | Reached skill level 1 in Stealth
   413 | D:1      | Reached XP level 2. HP: 27/27 MP: 2/2
   694 | D:1      | Found a faded altar of an unknown god.
   723 | D:1      | Slain by a goblin

Illustrated notes

Levels and vault maps discovered:
D:1:      dpeg_arrival_castle, layout_rooms,
          shapermc_ecumenical_altar_totnotflames

Skill      XL: |  1 |
---------------+----+-----
Stealth        | 1 |  1.9
Fighting       | 3 |  3.2
Maces & Flails | |  1.7
Armour         | |  3.6
Shields        | |  3.2

Action                   || total
-------------------------++-------
Melee: Flail             ||    47
       Tailslap          ||     5
Armor: Scale mail        ||    26
Dodge: Dodged            ||    11
Block: Buckler           ||    11

Table legend: (Time is in decaauts)
 A = Elapsed time spent in this place.
 B = Non-inter-level travel time spent in this place.
 C = Inter-level travel time spent in this place.
 D = Time resting spent in this place.
 E = Time spent auto-exploring this place.
 F = Levels seen in this place.
 G = Mean time per level.
                   A        B        C        D        E       F      G
               +--------+--------+--------+--------+--------+-----+--------+
         Total |    739 |    739 |      0 |    213 |    367 |   1 |  739.0 |
       Dungeon |    739 |    739 |      0 |    213 |    367 |   1 |  739.0 |
               +--------+--------+--------+--------+--------+-----+--------+

Top non-repeatable levels by time:
     D:1: 739 daAuts
